 Dungeon Crawl Stone Soup version 0.31-a0-920-g28cbb04a8c (webtiles) character file.

Game seed: 1979978607466347275

56 kae the Vexing (level 3, -2/24 HPs)
             Began as a Demonspawn Enchanter on Oct 17, 2023.
             Slain by a goblin
             ... wielding a +0 club
             ... led by Robin
              (6 damage)
             ... on level 2 of the Dungeon.
             The game lasted 00:01:44 (940 turns).

kae the Vexing (Demonspawn Enchanter)                Turns: 940, Time: 00:01:44

Health: -2/24      AC:  2    Str:  8    XL:     3   Next: 71%
Magic:  6/6        EV: 12    Int: 18    God:
Gold:   59         SH:  0    Dex: 13    Spells: 1/6 levels left

rFire   . . .        a - +1 dagger
rCold   . . .        (no shield)
rNeg    . . .        b - +0 robe
rPois   .            (no helmet)
rElec   .            (no cloak)
rCorr   .            (no gloves)
SInv    .            (no boots)
Will    .....        (no amulet)
Stlth   ++           (no ring)
HPRegen 0.24/turn    (no ring)
MPRegen 0.20/turn

%: no passive effects
@: hasted, invisible (expiring), very quick
A: magic regeneration
a: no special abilities


You were on level 2 of the Dungeon.
You visited 1 branch of the dungeon, and saw 2 of its levels.

You collected 59 gold pieces.


Innate Abilities, Weirdness & Mutations

You regenerate magic rapidly.


   Skills:
 * Level 2.0 Short Blades
 - Level 1.7 Dodging
 + Level 3.0 Stealth
 + Level 2.3 Spellcasting
 * Level 3.6 Hexes
 + Level 0.2 Ice Magic


You had one spell level left.
You knew the following spells:

 Your Spells              Type           Power      Damage    Failure   Level
a - Ensorcelled Hibernat  Hex/Ice        18%        N/A       12%         2
b - Confusing Touch       Hex            15%        N/A       12%         3

Your spell library contained the following spells:

 Spells                   Type           Power      Damage    Failure   Level
 Tukima's Dance           Hex            15%        N/A       12%         3
 Dazzling Flash           Conj/Hex       16%        N/A       26%         3

Inventory:

Hand Weapons
 a - a +1 dagger (weapon)
Missiles
 f - 4 stones
Armour
 b - a +0 robe (worn)
Jewellery
 L - a ring of flight
   (You found it on level 1 of the Dungeon)
 W - a ring of magical power
   (You found it on level 1 of the Dungeon)
Scrolls
 d - 2 scrolls of identify {unknown}
Potions
 c - a potion of invisibility
 h - a potion of brilliance {unknown}

Dungeon Overview and Level Annotations

Branches:
Dungeon (2/15) Zot: 11066

Altars:

### ... #.# ###..
#.# .... ..# #...#
#.# #...# #.# #
#...# #.#.#
#...###@#.#####
#####...gggg.......
#........##.#.#####
#...)....+).#.#
#...[....##.#.#
#......<.†....#
.....##.#####.###
..## #.. .... # ###
#.###


You could see 4 goblins.


Message History

The goblin barely misses you.
You hit the goblin. The goblin barely misses you.
A goblin comes into view. It is wielding a +0 club.
You barely miss the goblin. Robin hits you with a +0 club.
The goblin misses you.
A goblin comes into view. It is wielding a +0 dagger. 😮 HP[-2]
You take 2 damage, and now have 17/24 hp.
Unknown command.
You barely miss the goblin. Robin hits you with a +0 club.
The goblin hits you with a +0 dagger.
* * * LOW HITPOINT WARNING * * *
You are too injured to fight recklessly! 😨 HP[-6]
You take 6 damage, and now have 11/24 hp.
MASSIVE DAMAGE!! (PAUSE)
You barely miss Robin. Robin closely misses you.
You hit Robin but do no damage. Your punch misses Robin. The goblin misses you.
A goblin comes into view. It is wielding a +0 club.
Robin barely misses you.
Things that are here:
a +0 dagger; a +0 club; a goblin corpse; 😨 HP[+1]
You closely miss Robin. The goblin barely misses you.
The goblin shouts! x2
You hit Robin.
You hear a shout!
Robin hits you with a +0 club.
* * * LOW HITPOINT WARNING * * *
The goblin barely misses you.
A goblin comes into view. It is wielding a +0 club. 😨 HP[-3]
You take 3 damage, and now have 9/24 hp.
The goblin shouts!
You hit Robin but do no damage.
The goblin shouts! x2
Robin misses you. The goblin hits you with a +0 dagger.
* * * LOW HITPOINT WARNING * * *
The goblin misses you. 😱 HP[-3]
You take 3 damage, and now have 6/24 hp.
Unknown command.
You strike the helpless Robin from behind!
You puncture Robin!
Robin roars a battlecry!
The goblins go into a battle-frenzy!
The goblin barely misses you.
A hobgoblin comes into view.
The goblin barely misses you.
You closely miss Robin. Robin closely misses you.
The goblin barely misses you. 😨 HP[+1]
You hit Robin.
The hobgoblin shouts!
Robin throws the goblin out of sight!
The goblin closely misses you. The goblin barely misses you.
You hit Robin. The goblin misses you. The goblin closely misses you.
Unknown command.
You hit the hobgoblin. The goblin hits you with a +0 dagger.
* * * LOW HITPOINT WARNING * * *
The goblin hits you with a +0 club.
* * * LOW HITPOINT WARNING * * *
The hobgoblin barely misses you. 😱 HP[-3]
You take 3 damage, and now have 4/24 hp.
You catch the helpless hobgoblin completely off-guard!
You puncture the hobgoblin!
You kill the hobgoblin!
Robin barely misses you.
The goblin barely misses you. x2 😱 HP[+1] Unknown command.
You barely miss Robin.
Unknown command.
Robin shouts!
You hit Robin but do no damage.
The goblin unwields a +0 club.
The goblin wields a +0 sling.
The goblin shoots a sling bullet.
The sling bullet barely misses you.
The sling bullet hits Robin.
Robin dies!
The goblin hits you with a +0 dagger.
* * * LOW HITPOINT WARNING * * *
Your Short Blades skill increases to level 2!
Your Stealth skill increases to level 3! 😱 HP[-4]
You take 4 damage, and now have 1/24 hp.
Unknown command.
Items here: ) [[ ††.
Okay, then.
It was a potion of curing.
You feel better. The goblin hits you with a +0 dagger.
* * * LOW HITPOINT WARNING * * *
😱 HP[+5]
You regained 5 hp, and now have 6/24 hp.
It was a potion of haste.
You feel yourself speed up.
You flicker for a moment.
The goblin hits you with a +0 dagger.
* * * LOW HITPOINT WARNING * * *
The goblin shoots a sling bullet.
The sling bullet hits the goblin.
The goblin dies! 😱 HP[-2]
You take 2 damage, and now have 4/24 hp.
The goblin hits you with a +0 club.
You die...

Skill      XL: |  1  2  3 |
---------------+----------+-----
Short Blades   | 1 2 |  2.0
Stealth        | 3 |  3.0
Dodging        | |  1.7
Spellcasting   | |  2.3
Hexes          | |  3.6
Ice Magic      | |  0.2

Action                     || total
---------------------------++-------
  Melee: Dagger            ||   122
   Cast: Ensorcelled Hiber ||     6
    Use: Potion            ||     3
   Stab: Sleeping          ||     9
         Invisible         ||     4
 Armour: Robe              ||    71
  Dodge: Dodged            ||    87

Levels and vault maps discovered:
D:1:      enne_arrival_octagon_isle, layout_loops_ring, corner_web_ring
D:2:      cheibrodos_old_hovel, layout_basic,
          hellmonk_ecumenical_altar_crossroads, minmay_misc_feat_enclosed,
          kennysheep_cross_room, uniq_robin

Notes
Turn   | Place    | Note
-------+----------+-------------------------------------------
     0 | D:1      | kae the Demonspawn Enchanter began the quest for the Orb.
     0 | D:1      | Reached XP level 1. HP: 13/13 MP: 3/3
     0 | D:1      | magus.rc [v1.11.3]
    65 | D:1      | Reached skill level 1 in Short Blades
   210 | D:1      | Gained mutation: You regenerate magic rapidly. [demonic
                  | ancestry]
   210 | D:1      | Reached XP level 2. HP: 18/19 MP: 5/5
   213 | D:1      | Learned a level 2 spell: Ensorcelled Hibernation
   539 | D:1      | Reached XP level 3. HP: 24/24 MP: 6/6
   580 | D:1      | Learned a level 3 spell: Confusing Touch
   835 | D:2      | Noticed Robin
   927 | D:2      | HP: 6/24 [goblin/+0 dagger[Robin] (3)]
   932 | D:2      | HP: 5/24 [goblin/+0 dagger[Robin] (2)]
   935 | D:2      | Killed Robin
   935 | D:2      | HP: 1/24 [goblin/+0 dagger[Robin] (4)]
   936 | D:2      | Reached skill level 2 in Short Blades
   936 | D:2      | Reached skill level 3 in Stealth
   940 | D:2      | Slain by a goblin

Vanquished Creatures
  A gnoll (D:1)
  3 endoplasms (D:1)
  2 giant cockroaches
  7 goblins
  4 hobgoblins
  3 jackals (D:1)
  2 kobolds (D:1)
  A quokka (D:1)
  3 bats
  A frilled lizard (D:1)
  3 rats (D:1)
30 creatures vanquished.

Vanquished Creatures (others)
  Robin (D:2)
  A goblin (D:2)
2 creatures vanquished.

Grand Total: 32 creatures vanquished

Table legend:
 A = Non-vault XP
 B = Vault XP
 C = Vault XP percentage of total XP
 D = Non-vault monster count
 E = Vault monster count
 F = Vault count percentage of total count
                 A         B        C        D         E       F
            +---------+---------+-------+---------+---------+-------
      Total |      58 |      23 |  28.4 |      26 |       6 |  18.8
            +---------+---------+-------+---------+---------+-------
        D:1 |      50 |       2 |   3.8 |      22 |       1 |   4.3
        D:2 |       8 |      21 |  72.4 |       4 |       5 |  55.6
            +---------+---------+-------+---------+---------+-------

Skill      XL: |  1  2  3 |
---------------+----------+-----
Short Blades   | 1 2 |  2.0
Stealth        | 3 |  3.0
Dodging        | |  1.7
Spellcasting   | |  2.3
Hexes          | |  3.6
Ice Magic      | |  0.2

Action                     || total
---------------------------++-------
  Melee: Dagger            ||   122
   Cast: Ensorcelled Hiber ||     6
    Use: Potion            ||     3
   Stab: Sleeping          ||     9
         Invisible         ||     4
 Armour: Robe              ||    71
  Dodge: Dodged            ||    87

Illustrated notes

Table legend:
 A = Kills in this place as a percentage of kills in the entire game.
 B = Kills by you in this place as a percentage of kills by you in the entire game.
 C = Kills by friends in this place as a percentage of kills by friends in the entire game.
 D = Other kills in this place as a percentage of other kills in the entire game.
 E = Experience gained in this place as a percentage of experience gained in the entire game.
 F = Experience gained in this place divided by the number of levels of this place that you have seen.
                   A       B       C       D       E      F
               +-------+-------+-------+-------+-------+----------------------
         Total | 100.0 | 100.0 |   N/A | 100.0 | 100.0 |  40.5
       Dungeon | 100.0 | 100.0 |   N/A | 100.0 | 100.0 |  40.5
               +-------+-------+-------+-------+-------+----------------------

Table legend: (Time is in decaauts)
 A = Elapsed time spent in this place.
 B = Non-inter-level travel time spent in this place.
 C = Inter-level travel time spent in this place.
 D = Time resting spent in this place.
 E = Time spent auto-exploring this place.
 F = Levels seen in this place.
 G = Mean time per level.
                   A        B        C        D        E       F      G
               +--------+--------+--------+--------+--------+-----+--------+
         Total |    932 |    877 |     55 |     92 |    561 |   2 |  466.0 |
       Dungeon |    932 |    877 |     55 |     92 |    561 |   2 |  466.0 |
               +--------+--------+--------+--------+--------+-----+--------+

Top non-repeatable levels by time:
     D:1: 882 daAuts
     D:2: 50 daAuts
